 Dungeon Crawl Stone Soup version 0.29-a0-23-ga79f92ac9c (webtiles) character file.

Game seed: 10208420931217176886

2 mightbedylan the Caller (level 1, 0/13 HPs)
             Began as a Human Summoner on Jan 30, 2022.
             Slain by a jackal (3 damage)
             ... on level 1 of the Dungeon.
             The game lasted 00:02:02 (170 turns).

mightbedylan the Caller (Human Summoner)             Turns: 170, Time: 00:02:02

Health: 0/13       AC:  2    Str:  8    XL:     1   Next: 44%
Magic:  1/3        EV: 12    Int: 15    God:
Gold:   32         SH:  0    Dex: 13    Spells: 3/4 levels left

rFire   . . .      SeeInvis .   b - +0 whip
rCold   . . .      Faith    .   (no shield)
rNeg    . . .      Spirit   .   a - +0 robe
rPois   .          Reflect  .   (no helmet)
rElec   .          Harm     .   (no cloak)
rCorr   .          Rampage  .   (no gloves)
Will    .....                   (no boots)
Stlth   ++........              (no amulet)
HPRegen 0.04/turn               (no ring)
MPRegen 0.08/turn               (no ring)

@: no status effects
A: no striking features
a: no special abilities


You were on level 1 of the Dungeon.
You visited 1 branch of the dungeon, and saw 1 of its levels.

You collected 32 gold pieces.

Inventory:

Hand Weapons
 b - a +0 whip (weapon)
Armour
 a - a +0 robe (worn)


   Skills:
 + Level 2.0 Dodging
 + Level 2.0 Stealth
 + Level 2.0 Spellcasting
 + Level 0.1 Hexes
 + Level 4.0 Summonings


You had 3 spell levels left.
You knew the following spells:

 Your Spells              Type           Power      Damage    Failure   Level
a - Summon Small Mammal   Summ           52%        N/A       4%          1

Your spell library contained the following spells:

 Spells                   Type           Power      Damage    Failure   Level
 Call Imp                 Summ           13%        N/A       6%          2
 Call Canine Familiar     Summ           13%        N/A       13%         3
 Summon Guardian Golem    Hex/Summ       7%         N/A       28%         3
 Inner Flame              Hex/Fire       1%         N/A       54%         3
 Summon Lightning Spire   Summ/Air       7%         N/A       67%         4
 Cause Fear               Hex            1%         N/A       90%         4
 Discord                  Hex            1%         N/A       100%        8


Dungeon Overview and Level Annotations

Branches:
Dungeon (1/15)

Altars:


Message History

Your bat closely misses the jackal.
Your rat barely misses the kobold.
The jackal bites you.
The kobold hits your bat but does no damage.
Your rat misses the jackal.
Your bat barely misses the jackal.
The jackal barely misses your bat.
Your bat barely misses the jackal.
The jackal barely misses your rat. The jackal misses your bat.
Your rat closely misses the jackal.
Your bat closely misses the jackal.
The jackal completely misses your bat. The jackal bites you.
Your bat closely misses the kobold.
The jackal closely misses your bat.
Casting: Summon Small Mammal (safe; 4% risk of failure)
Confirm with . or Enter, or press ? or * to list all spells.
Your rat disappears in a puff of smoke!
Your bat hits the kobold. The jackal barely misses you.
Your bat hits the kobold but does no damage.
The kobold hits your rat with a +0 short sword.
Your rat dies!
Your rat's corpse disappears in a puff of smoke!
The jackal barely misses you.
Your bat closely misses the jackal.
Something hits your bat. Something barely misses your bat.
The jackal bites you but does no damage.
You hit the jackal.
The jackal is almost dead.
Your bat barely misses the jackal.
Your bat closely misses the jackal.
The jackal bites you.
* * * LOW HITPOINT WARNING * * *
You miss the jackal.
The jackal is almost dead.
Your bat barely misses the jackal.
The jackal closely misses you. x2
Your bat closely misses the jackal.
Your bat hits the jackal.
Your bat hits the kobold but does no damage.
The jackal misses you. The jackal closely misses you.
Your bat misses the kobold. You hit the jackal.
You kill the jackal!
Your bat barely misses the kobold.
Your bat completely misses the kobold.
The jackal bites you.
You die...

##### #####b..#
########.....#.########
#.....@hhKg............
#.###.##.###..#########
......# #..# #######
.....######K.###......
...####
#...)hb.##.##### .#
####.###......# #
#.............#####
#.##.##†g....>...(.
##.##.##......######


You could see 2 jackals, a goblin, a kobold (ally target) and a friendly bat
(summoned).

Vanquished Creatures
  A giant cockroach (D:1)
  A jackal (D:1)
  2 kobolds (D:1)
4 creatures vanquished.

Notes
Turn   | Place    | Note
-------+----------+-------------------------------------------
     0 | D:1      | mightbedylan the Human Summoner began the quest for the
                  | Orb.
     0 | D:1      | Reached XP level 1. HP: 13/13 MP: 3/3
   170 | D:1      | Slain by a jackal

Illustrated notes

Levels and vault maps discovered:
D:1:      erik_arrival_orb_chamber, layout_loops_ring,
          ebering_ecumenical_altar_box, chequers_serial_rivers_micro_c

Action                   || total
-------------------------++-------
Melee: Whip              ||    17
 Cast: Summon Small Mamm ||     5
Armor: Robe              ||     4
Dodge: Dodged            ||    14

Table legend: (Time is in decaauts)
 A = Elapsed time spent in this place.
 B = Non-inter-level travel time spent in this place.
 C = Inter-level travel time spent in this place.
 D = Time resting spent in this place.
 E = Time spent auto-exploring this place.
 F = Levels seen in this place.
 G = Mean time per level.
                   A        B        C        D        E       F      G
               +--------+--------+--------+--------+--------+-----+--------+
         Total |    171 |    171 |      0 |      0 |     93 |   1 |  171.0 |
       Dungeon |    171 |    171 |      0 |      0 |     93 |   1 |  171.0 |
               +--------+--------+--------+--------+--------+-----+--------+

Top non-repeatable levels by time:
     D:1: 171 daAuts
